 Dungeon Crawl Stone Soup version 0.17.1-1-g73c8601 (webtiles) character file.

7753 lucasterio the Basher (level 11, -2/75 HPs)
             Began as a Demonspawn Berserker on Dec 15, 2015.
             Was a High Priest of Trog.
             Slain by a seven-headed hydra (4 damage)
             ... on level 11 of the Dungeon on Dec 17, 2015.
             The game lasted 00:45:11 (10639 turns).

lucasterio the Basher (Demonspawn Berserker)       Turns: 10639, Time: 00:45:13

Health: -2/75      AC: 23    Str: 20    XL:     11   Next: 0%
Magic:  3/3        EV:  8    Int:  9    God:    Trog [*****.]
Gold:   615        SH:  0    Dex: 11    Spells: 0 memorised, 10 levels left

rFire  + + .     SeeInvis +     j - +4 dire flail (antimagic)
rCold  . . .     Clarity  .     r - +0 chain mail
rNeg   . . .     SustAt   .     (shield currently unavailable)
rPois  .         Gourm    .     x - +2 helmet
rElec  .         Spirit   .     o - +0 cloak
rCorr  +         Warding  .     (no gloves)
rMut   .         Stasis   .     (no boots)
MR     .....                    D - amulet of resist corrosion
Stlth  ..........               F - ring of see invisible
                                n - ring of protection from fire

@: not resistant to hostile enchantments, extremely unstealthy
A: claws 2, rough black scales 2, demonic guardian 1, fire resistance 1, powered
by pain 1
a: Berserk, Trog's Hand, Brothers in Arms, Burn Spellbooks, Renounce Religion


You were on level 11 of the Dungeon.
You worshipped Trog.
Trog was extremely pleased with you.
You were hungry.

You visited 1 branch of the dungeon, and saw 11 of its levels.
You also visited: Ossuary.

You collected 615 gold pieces.

Inventory:

Hand Weapons
 j - a +4 antimagic dire flail (weapon)
 K - a +0 shortbow
 P - the +4 arbalest "Dakiro Feabo" {elec, +Inv rPois MR- Str+3}
   (You found it on level 7 of the Dungeon)

   It charges the ammunition it shoots with electricity; occasionally upon a
   hit, such missiles may discharge and cause terrible harm.
   It affects your strength (+3).
   It protects you from poison.
   It affects your resistance to hostile enchantments.
   It lets you turn invisible.
Missiles
 b - 13 bolts of flame
 d - 140 arrows
 y - 3 tomahawks of returning (quivered)
 Q - 58 bolts
Armour
 o - a +0 cloak (worn)
 r - a +0 chain mail (worn)
 s - a +0 plate armour
 x - a +2 helmet (worn)
 Y - a +1 helmet
Jewellery
 n - a ring of protection from fire (left claw)
 D - an amulet of resist corrosion (around neck)
 F - a ring of see invisible (right claw)
Wands
 a - a wand of fireball (2)
 t - a wand of draining (14)
 z - a wand of teleportation (8)
 I - a wand of slowing (34)
 X - a wand of fireball (2)
Scrolls
 e - 2 scrolls of recharging {unknown}
 h - 4 scrolls of remove curse
 i - 2 scrolls of immolation {unknown}
 k - 4 scrolls of teleportation {unknown}
 l - 12 scrolls of identify
 m - 2 scrolls of enchant weapon {unknown}
 v - 3 scrolls of random uselessness {unknown}
 w - 2 scrolls of noise {unknown}
 M - 3 scrolls of enchant armour {unknown}
 S - a scroll of blinking {unknown}
 T - a scroll of magic mapping {unknown}
 U - a scroll of fog {unknown}
Potions
 g - 6 potions of curing
 p - 2 potions of mutation {unknown}
 u - 2 potions of ambrosia {unknown}
 B - 3 potions of invisibility
 C - 2 potions of berserk rage {unknown}
 E - 3 potions of lignification {unknown}
 G - 3 potions of flight {unknown}
 H - a potion of cancellation {unknown}
 J - a potion of might {unknown}
 L - a potion of resistance {unknown}
 N - a potion of agility
 O - 2 potions of magic {unknown}
 R - a potion of brilliance {unknown}
 V - 4 potions of heal wounds {unknown}
 W - a potion of poison {unknown}
 Z - 2 potions of degeneration {unknown}
Comestibles
 c - 5 bread rations
 f - 5 meat rations
 q - 3 fruits
 A - 7 chunks of flesh


   Skills:
 - Level 3.0 Fighting
 * Level 12.7 Maces & Flails
 + Level 9.2 Armour
 - Level 1.7 Dodging


You had 10 spell levels left.
You didn't know any spells.

Dungeon Overview and Level Annotations

Branches:
Dungeon (11/15)            Temple (0/1) D:5            Lair (0/8) D:10
    Orc: D:9-12

Altars:
Fedhas
Gozag
Kikubaaqudgha
Ru
Sif Muna
Vehumet
Xom

Portals:
Trove: D:10 (show abyssal rune of Zot)

Annotations:
D:8 Prince Ribbit
D:11 Grum


Innate Abilities, Weirdness & Mutations

You have very sharp fingernails.
You are mostly covered in rough black scales (AC +7, Dex -2).
A weak demonic guardian rushes to your aid.
Your flesh is heat resistant.
You sometimes gain a little power by taking damage.


Message History

The seven-headed hydra barely misses you.
The seven-headed hydra bites you but does no damage.
The seven-headed hydra bites you!
* * * LOW HITPOINT WARNING * * *
The seven-headed hydra bites you but does no damage. x3
The seven-headed hydra misses you.
You're too hungry to go berserk.
Eat one of 8 chunks of flesh? (ye/n/q/i?) This raw flesh tastes terrible.
You are feeling hungry.
The seven-headed hydra barely misses you.
The seven-headed hydra bites you but does no damage. x4
The seven-headed hydra bites you.
* * * LOW HITPOINT WARNING * * *
The seven-headed hydra bites you but does no damage.
You continue eating.
Grum hits you but does no damage.
The seven-headed hydra bites you but does no damage.
The seven-headed hydra bites you.
You die...

#.##g....##.# #.
#...........# #.
#.##.....##.# #
#. #.###.........
.. #. #g#
##.####.###. #.
#.# ### #..o. #.
#.# #..# #.
#.#########..##.#
#.
#..gD@5....))##.#
#.
############)##.#
#. #.##.# #.
#.##.# #. #.##.#
#. #.##.## #)
#.....####)
####......>
##.###..


You could see a seven-headed hydra, Grum and a friendly quasit.

Vanquished Creatures
  Erica (D:8)
  Erolcha (D:9)
  Pikel (D:9)
  An ugly thing (D:11)
  2 two-headed ogres
  A troll (D:9)
  A yak (D:9)
  Sigmund (D:4)
  A shadow (D:8)
  4 wyverns
  Eustachio (D:5)
  A hungry ghost (D:10)
  2 wolves (D:11)
  A water moccasin (D:9)
  2 black bears (D:8)
  2 necrophages
  2 orc warriors
  2 centaurs
  2 ice beasts (D:8)
  3 slaves (D:9)
  6 ogres
  A big kobold (D:10)
  An elf zombie (Ossuary)
  5 giant frogs
  A scorpion (D:6)
  3 killer bees (D:9)
  5 wights (D:11)
  A centaur zombie (Ossuary)
  2 giant frog zombies
  2 crimson imps
  4 orc wizards
  A quasit (D:9)
  A jelly (D:8)
  2 human zombies (Ossuary)
  3 orc priests
  2 centaur skeletons
  3 iguanas
  Natasha (thrice) (D:4)
  2 giant frog skeletons
  2 hounds
  5 worker ants
  4 big kobold zombies (Ossuary)
  2 hound zombies
  3 mummies (Ossuary)
  Robin (D:2)
  12 adders
  4 shadow imps
  5 adder skeletons
  6 adder zombies
  7 worms
  6 giant geckos
  38 orcs
  8 bats
  A gnoll zombie (Ossuary)
  12 hobgoblins
  10 jackals
  7 quokkas
  2 ball pythons
  3 giant cockroaches
  A giant gecko skeleton (D:5)
  A giant gecko zombie (D:5)
  3 giant newts
  19 goblins
  5 goblin zombies (Ossuary)
  3 hobgoblin zombies (Ossuary)
  2 jackal skeletons
  5 jackal zombies (Ossuary)
  9 kobolds
  2 kobold zombies (Ossuary)
  2 orc zombies (Ossuary)
  2 quokka zombies (Ossuary)
  11 rats
  4 rat zombies (Ossuary)
287 creatures vanquished.

Vanquished Creatures (collateral kills)
  Joseph (D:9)
  A steam dragon (D:9)
  An orc wizard (D:9)
  An adder zombie (Ossuary)
  2 orcs
6 creatures vanquished.

Vanquished Creatures (others)
  A centaur (D:10)
1 creature vanquished.

Grand Total: 294 creatures vanquished

Notes
Turn   | Place    | Note
--------------------------------------------------------------
     0 | D:1      | lucasterio the Demonspawn Berserker began the quest for the Orb.
     0 | D:1      | Reached XP level 1. HP: 18/18 MP: 1/1
   316 | D:1      | Gained mutation: You are partially covered in rough black scales (AC +4, Dex -1). [demonic ancestry]
   316 | D:1      | Reached XP level 2. HP: 24/24 MP: 2/2
   834 | D:1      | Reached ** piety under Trog
   969 | D:2      | Reached XP level 3. HP: 18/29 MP: 3/3
  1181 | D:2      | Noticed Robin
  1202 | D:2      | Killed Robin
  1273 | D:2      | Reached skill level 4 in Maces & Flails
  1438 | D:2      | Gained mutation: You have sharp fingernails. [demonic ancestry]
  1438 | D:2      | Reached XP level 4. HP: 33/35 MP: 4/4
  2102 | D:2      | Found a sacrificial altar of Ru.
  2309 | D:3      | Reached *** piety under Trog
  2460 | D:3      | Reached XP level 5. HP: 37/41 MP: 5/5
  2774 | D:4      | Noticed Sigmund
  2789 | D:4      | Killed Sigmund
  2789 | D:4      | Reached skill level 5 in Maces & Flails
  2789 | D:4      | Gained mutation: You have very sharp fingernails. [demonic ancestry]
  2789 | D:4      | Reached XP level 6. HP: 42/47 MP: 6/6
  2812 | D:4      | Noticed an ogre
  2828 | D:4      | Killed an ogre
  2991 | D:4      | Reached skill level 6 in Maces & Flails
  3169 | D:4      | Found a deep blue altar of Sif Muna.
  3353 | D:4      | Reached XP level 7. HP: 52/52 MP: 7/7
  3394 | D:4      | Noticed Natasha
  3397 | D:4      | Killed Natasha
  3397 | D:4      | Reached **** piety under Trog
  3505 | D:4      | Noticed Natasha
  3516 | D:4      | Killed Natasha
  3928 | D:4      | Noticed Natasha
  3935 | D:4      | Killed Natasha
  3953 | D:5      | Entered Level 5 of the Dungeon
  3959 | D:5      | Found a staircase to the Ecumenical Temple.
  4381 | D:5      | Reached skill level 7 in Maces & Flails
  4421 | D:5      | Noticed Eustachio
  4444 | D:5      | Killed Eustachio
  4543 | D:5      | Reached skill level 5 in Armour
  4857 | D:6      | Gained mutation: A weak demonic guardian rushes to your aid. [demonic ancestry]
  4857 | D:6      | Reached XP level 8. HP: 58/58 MP: 8/8
  5397 | D:7      | Found a sand-covered staircase.
  5418 | Ossuary  | Entered an ossuary
  5461 | Ossuary  | Reached skill level 8 in Maces & Flails
  5875 | D:7      | Got a slimy arbalest
  5902 | D:7      | Identified the +4 arbalest "Dakiro Feabo" {elec, +Inv rPois MR- Str+3} (You found it on level 7 of the Dungeon)
  6267 | D:8      | Noticed Erica
  6282 | D:8      | Killed Erica
  6282 | D:8      | Reached skill level 9 in Maces & Flails
  6282 | D:8      | Gained mutation: You sometimes gain a little power by taking damage. [demonic ancestry]
  6282 | D:8      | Reached XP level 9. HP: 63/63 MP: 9/9
  6439 | D:8      | Noticed Prince Ribbit
  6551 | D:8      | Reached skill level 10 in Maces & Flails
  7074 | D:8      | Reached ***** piety under Trog
  8113 | D:9      | Noticed Joseph
  8132 | D:9      | Killed Joseph
  8475 | D:9      | Reached skill level 11 in Maces & Flails
  8496 | D:9      | Gained mutation: You are mostly covered in rough black scales (AC +7, Dex -2). [demonic ancestry]
  8496 | D:9      | Reached XP level 10. HP: 54/70 MP: 10/10
  8968 | D:9      | Found a radiant altar of Vehumet.
  8973 | D:9      | Found an opulent altar of Gozag.
  8977 | D:9      | Found a shimmering altar of Xom.
  9100 | D:9      | Found an ancient bone altar of Kikubaaqudgha.
  9102 | D:9      | Found a blossoming altar of Fedhas.
  9103 | D:9      | Noticed Erolcha
  9119 | D:9      | Killed Erolcha
  9213 | D:9      | Noticed Pikel
  9248 | D:9      | Killed Pikel
  9581 | D:10     | Entered Level 10 of the Dungeon
  9696 | D:10     | Reached skill level 12 in Maces & Flails
  9814 | D:10     | Found a staircase to the Lair.
  9873 | D:10     | Found a portal to a secret trove of treasure.
  9976 | D:10     | Received a gift from Trog
 10514 | D:11     | Noticed a purple ugly thing
 10525 | D:11     | Killed a purple ugly thing
 10614 | D:11     | Noticed a seven-headed hydra
 10616 | D:11     | Noticed Grum
 10621 | D:11     | Gained mutation: Your flesh is heat resistant. [demonic ancestry]
 10621 | D:11     | Reached XP level 11. HP: 31/75 MP: 3/11
 10638 | D:11     | HP: 2/75 [seven-headed hydra (5)]
 10639 | D:11     | Slain by a seven-headed hydra

Action                   |  1- 3 |  4- 6 |  7- 9 | 10-12 || total
-------------------------+-------+-------+-------+-------++-------
Melee: Mace              |   137 |   111 |       |       ||   248
       Flail             |       |   106 |       |       ||   106
       Morningstar       |       |    49 |   534 |   196 ||   779
       Dire flail        |       |       |       |    96 ||    96
Invok: Berserk           |     1 |     3 |     4 |     3 ||    11
       Burn Spellbooks   |       |       |     1 |     1 ||     2
       Trog's Hand       |       |       |       |     1 ||     1
  Use: Scroll            |       |       |     2 |       ||     2
       Potion            |       |       |       |     2 ||     2
 Stab: Sleeping          |     1 |       |       |       ||     1
       Distracted        |       |       |     3 |     1 ||     4
  Eat: Chunk             |     3 |    10 |    15 |    16 ||    44
       Pizza             |       |       |     2 |       ||     2
       Fruit             |       |       |     2 |     4 ||     6
       Beef jerky        |       |       |     1 |       ||     1
       Royal jelly       |       |       |       |     1 ||     1
